 Dungeon Crawl Stone Soup version 0.21.1-1-g345015f (webtiles) character file.

28 tidbits the Insei (level 3, 0/28 HPs)
             Began as a Gnoll Transmuter on Feb 19, 2018.
             Slain by a scorpion (3 damage)
             ... on level 5 of the Dungeon.
             The game lasted 00:04:53 (530 turns).

tidbits the Insei (Gnoll Transmuter)                 Turns: 530, Time: 00:04:54

Health: 0/28       AC:  2    Str: 12    XL:     3   Next: 14%
Magic:  9/9        EV: 14    Int: 16    God:
Gold:   88         SH:  0    Dex: 15    Spells: 9/12 levels left

rFire    . . .     SeeInvis .     - Unarmed
rCold    + . .     Gourm    .   (no shield)
rNeg     . . .     Faith    .   b - +0 robe
rPois    .         Spirit   .   (no helmet)
rElec    .         Reflect  .   (no cloak)
rCorr    .         Harm     .   (no gloves)
MR       .....                  (boots currently unavailable)
Stlth    ++........             (no amulet)
HPRegen  0.09/turn              s - ring of protection from cold
MPRegen  0.11/turn              (no ring)

@: lethally poisoned (0 -> -13), appendage (expiring)
A: distributed training, fangs 1, talons 3, strong nose
a: End Transformation


You were on level 5 of the Dungeon.
You were not hungry.
You had grown temporary talons.
You visited 2 branches of the dungeon, and saw 6 of its levels.

You collected 88 gold pieces.

Inventory:

Hand Weapons
 m - a +0 short sword
 o - a +0 hunting sling
 t - a +2 falchion of freezing
   (You found it on level 2 of the Dungeon)
Missiles
 a - 34 arrows
 i - 4 steel javelins (quivered)
 k - 5 tomahawks
 p - 4 stones
Armour
 b - a +0 robe (worn)
 u - +0 gold dragon scales
Jewellery
 s - a ring of protection from cold (left hand)
   (You found it on level 2 of the Dungeon)
Scrolls
 e - a scroll of immolation {unknown}
 g - a scroll of enchant weapon {unknown}
 j - a scroll of identify {unknown}
 n - a scroll of enchant armour {unknown}
 r - a scroll of teleportation {unknown}
Potions
 f - a potion of heal wounds {unknown}
 h - a potion of lignification {unknown}
 l - a potion of berserk rage {unknown}
 q - 2 potions of curing {unknown}
 v - a potion of degeneration {unknown}
Books
 c - a book of Changes

   Spells                             Type                      Level
   a - Beastly Appendage              Transmutation                1
   b - Sticks to Snakes               Transmutation                2
   c - Spider Form                    Transmutation/Poison         3
   d - Ice Form                       Ice/Transmutation            4
   e - Blade Hands                    Transmutation                5
Comestibles
 d - a ration


   Skills:
 + Level 2.5 Fighting
 + Level 0.6 Short Blades
 + Level 0.6 Long Blades
 + Level 0.6 Axes
 + Level 0.6 Maces & Flails
 + Level 0.6 Polearms
 + Level 0.6 Staves
 + Level 0.6 Slings
 + Level 0.6 Bows
 + Level 0.6 Crossbows
 + Level 0.6 Throwing
 + Level 0.6 Armour
 + Level 4.5 Dodging
 + Level 0.6 Stealth
 + Level 0.6 Shields
 + Level 6.5 Unarmed Combat
 + Level 5.0 Spellcasting
 + Level 0.4 Conjurations
 + Level 0.4 Hexes
 + Level 0.4 Charms
 + Level 0.4 Summonings
 + Level 0.4 Necromancy
 + Level 0.4 Translocations
 + Level 3.7 Transmutations
 + Level 0.4 Fire Magic
 + Level 0.4 Ice Magic
 + Level 0.4 Air Magic
 + Level 0.4 Earth Magic
 + Level 0.4 Poison Magic
 + Level 0.8 Invocations
 + Level 0.6 Evocations


You had 9 spell levels left.
You knew the following spells:

 Your Spells              Type           Power        Failure   Level  Hunger
e - Beastly Appendage     Tmut           ###...       3%          1    None
k - Sticks to Snakes      Tmut           ###.....     4%          2    #......


Dungeon Overview and Level Annotations

Branches:
Dungeon (5/15)             Temple (1/1) D:4

Altars:
Elyvilon
Fedhas
Hepliaklqana
Kikubaaqudgha
Nemelex Xobeh
Okawaru
Ru
Sif Muna
Trog
Vehumet
Wu Jian
Xom
Yredelemnul
Zin


Innate Abilities, Weirdness & Mutations

Your experience applies equally to all skills.
You have very sharp teeth.
Your uncanny sense of smell can sniff out nearby items.
You have claws for feet.


Message History

Your talons disappear.
Found a radiant altar of Vehumet.
Found a basalt altar of Yredelemnul.
Found a sparkling altar of Nemelex Xobeh.
Found an ornate altar of the Wu Jian Council and a sacrificial altar of Ru.
Found an ancient bone altar of Kikubaaqudgha.
There is a basalt altar of Yredelemnul here.
Found a shimmering altar of Xom.
There is a basalt altar of Yredelemnul here.
There is a staircase back to the Dungeon here.
You climb upwards.
Welcome back to the Dungeon!
There is a staircase to the Ecumenical Temple here.
Unknown command.
Found 11 gold pieces.
A giant cockroach comes into view.
Found a puce potion.
You see here 11 gold pieces.
You now have 88 gold pieces (gained 11).
Casting: Beastly Appendage
Confirm with . or Enter, or press ? or * to list all spells.
Your feet morph into talons.
The giant cockroach closely misses you.
You hit the giant cockroach.
You kill the giant cockroach!
You see here a giant cockroach corpse.
You see here a puce potion.
q - 2 puce potions (gained 1)
Your transformation is almost over.
Your talons disappear.
Found a stone staircase leading down.
There is a stone staircase leading down here.
You climb downwards.
A scorpion comes into view.
Found 12 gold pieces.
There is a stone staircase leading up here.
Throwing (i - inventory. (,) - cycle):
i - 7 steel javelins (quivered)
Press: ? - help, Shift-Dir - straight line, f - scorpion
Aim: a scorpion (resting)
You throw a steel javelin. The steel javelin hits the scorpion.
The scorpion is moderately wounded.
Throwing (i - inventory. (,) - cycle):
i - 6 steel javelins (quivered)
Press: ? - help, Shift-Dir - straight line, f/p - scorpion
Aim: a scorpion (moderately wounded)
You throw a steel javelin.
The steel javelin barely misses the scorpion.
Casting: Beastly Appendage
Confirm with . or Enter, or press ? or * to list all spells.
Your feet morph into talons.
Throwing (i - inventory. (,) - cycle):
i - 5 steel javelins (quivered)
Press: ? - help, Shift-Dir - straight line, f/p - scorpion
Aim: a scorpion (moderately wounded)
You throw a steel javelin. The steel javelin hits the scorpion.
The scorpion is moderately wounded.
The scorpion closely misses you.
You hit the scorpion.
The scorpion is moderately wounded.
The scorpion stings you.
You are poisoned.
The scorpion poisons you!
You hit the scorpion. Your kick misses the scorpion.
You bite the scorpion, but do no damage.
The scorpion is heavily wounded.
You feel sick. The scorpion stings you.
You barely miss the scorpion.
You bite the scorpion, but do no damage.
The scorpion is heavily wounded.
You feel sick.
You hit the scorpion but do no damage. Your kick misses the scorpion.
The scorpion is heavily wounded.
The scorpion misses you.
You closely miss the scorpion. You claw the scorpion.
The scorpion is severely wounded.
The scorpion closely misses you.
You hit the scorpion but do no damage. Your kick misses the scorpion.
The scorpion is severely wounded.
You feel sick. The scorpion barely misses you.
You closely miss the scorpion.
You bite the scorpion, but do no damage.
The scorpion is severely wounded.
The scorpion completely misses you.
You hit the scorpion. Your bite misses the scorpion.
The scorpion is severely wounded.
You feel sick. The scorpion stings you.
* * * LOW HITPOINT WARNING * * *
You are lethally poisoned!
The scorpion poisons you!
You hit the scorpion but do no damage.
The scorpion is severely wounded.
* * * LOW HITPOINT WARNING * * *
You feel sick. The scorpion closely misses you.
You barely miss the scorpion. You claw the scorpion.
The scorpion is almost dead.
Your transformation is almost over.
* * * LOW HITPOINT WARNING * * *
You feel sick. The scorpion stings you.
* * * LOW HITPOINT WARNING * * *
You hit the scorpion but do no damage. You claw the scorpion.
The scorpion is almost dead.
* * * LOW HITPOINT WARNING * * *
You feel sick. The scorpion stings you.
You die...

##.
####.....
#@s(.((..
#.#######
#.# #.#
#.# #.#
#.# #.. ∆


You could see a scorpion.

Vanquished Creatures
  A dart slug (D:3)
  3 giant cockroaches
  2 goblins (D:2)
  3 hobgoblins
  6 jackals (D:2)
  A quokka (D:3)
  2 bats (D:1)
  2 kobolds
  A leopard gecko skeleton (D:4)
  A rat (D:2)
22 creatures vanquished.

Notes
Turn   | Place    | Note
-------+----------+-------------------------------------------
     0 | D:1      | tidbits the Gnoll Transmuter began the quest for the Orb.
     0 | D:1      | Reached XP level 1. HP: 17/17 MP: 6/6
   233 | D:2      | Reached XP level 2. HP: 23/23 MP: 5/7
   246 | D:2      | Learned a level 2 spell: Sticks to Snakes
   386 | D:3      | Reached XP level 3. HP: 14/28 MP: 9/9
   393 | D:3      | Reached skill level 5 in Spellcasting
   415 | D:4      | Found a staircase to the Ecumenical Temple.
   423 | Temple   | Entered the Ecumenical Temple
   515 | D:5      | Entered Level 5 of the Dungeon
   515 | D:5      | Noticed a scorpion
   530 | D:5      | Slain by a scorpion

Skill      XL: |  1  2  3 |
---------------+----------+-----
Spellcasting   | 5 |  5.0
Fighting       | |  2.5
Short Blades   | |  0.6
Long Blades    | |  0.6
Axes           | |  0.6
Maces & Flails | |  0.6
Polearms       | |  0.6
Staves         | |  0.6
Slings         | |  0.6
Bows           | |  0.6
Crossbows      | |  0.6
Throwing       | |  0.6
Armour         | |  0.6
Dodging        | |  4.5
Stealth        | |  0.6
Shields        | |  0.6
Unarmed Combat | |  6.5
Conjurations   | |  0.4
Hexes          | |  0.4
Charms         | |  0.4
Summonings     | |  0.4
Necromancy     | |  0.4
Translocations | |  0.4
Transmutations | |  3.7
Fire Magic     | |  0.4
Ice Magic      | |  0.4
Air Magic      | |  0.4
Earth Magic    | |  0.4
Poison Magic   | |  0.4
Invocations    | |  0.8
Evocations     | |  0.6

Action                   || total
-------------------------++-------
Melee: Unarmed           ||    62
       Kick              ||     6
       Headbutt          ||    10
       Punch             ||     2
       Bite              ||     4
Throw: Javelin           ||     5
 Cast: Beastly Appendage ||    12
Armor: Robe              ||     6
Dodge: Dodged            ||    38

Table legend:
 A = Turns spent in this place as a percentage of turns spent in the entire game.
 B = Non-inter-level travel turns spent in this place as a percentage of non-inter-level travel turns spent in the entire game.
 C = Inter-level travel turns spent in this place as a percentage of turns spent in this place.
 D = Turns resting spent in this place as a percentage of non-inter-level travel turns spent in this place.
 E = Turns spent auto-exploring this place as a percentage of non-inter-level travel turns spent in this place.
 F = Non-inter-level travel turns spent in this place divided by the number of levels of this place that you've seen.
                   A       B       C       D       E      F
               +-------+-------+-------+-------+-------+----------------------
         Total | 100.0 | 100.0 |   0.0 |   0.0 |   0.0 |  88.3
       Dungeon |  91.3 |  91.3 |   0.0 |   0.0 |   0.0 |  96.8
        Temple |   8.7 |   8.7 |   0.0 |   0.0 |   0.0 |  46.0
               +-------+-------+-------+-------+-------+----------------------

Table legend:
 A = Kills in this place as a percentage of kills in entire the game.
 B = Kills by you in this place as a percentage of kills by you in the entire game.
 C = Kills by friends in this place as a percentage of kills by friends in the entire game.
 D = Other kills in this place as a percentage of other kills in the entire game.
 E = Experience gained in this place as a percentage of experience gained in the entire game.
 F = Experience gained in this place divided by the number of levels of this place that you have seen.
                   A       B       C       D       E      F
               +-------+-------+-------+-------+-------+----------------------
         Total | 100.0 | 100.0 |   N/A |   N/A | 100.0 |   6.8
       Dungeon | 100.0 | 100.0 |   N/A |   N/A | 100.0 |   8.2
               +-------+-------+-------+-------+-------+----------------------

Vault maps used:
D:1:      scummos_arrival_hexagon, serial_park_tiny_2, st_stairs_6,
          minmay_box_of_dots
D:3:      grunt_temple_overflow_open, serial_park_tiny_2, serial_park_tiny_2
D:4:      minmay_temple_entry_trees, first_ration,
          nicolae_tso_swordbearing_angel
D:5:      lemuel_upstairs_altar, uniq_prince_ribbit1, uniq_edmund
Temple:   eino_temple_water
